[Event "Coimbra Queima Fitas Open 2024"]
[Site "Coimbra"]
[Date "2024.04.25"]
[Round "2.18"]
[White "Frutuoso, Tiago Oliveira Marti"]
[Black "Simoes, Miguel Caldeira"]
[Result "0-1"]
[ECO "C95"]
[WhiteElo "1799"]
[BlackElo "2084"]
[Annotator "NA RC"]
[PlyCount "116"]
[EventDate "2024.04.23"]
[EventType "swiss"]
[EventCountry "POR"]
[SourceTitle "playchess.com"]
[Source "ChessBase"]
[SourceQuality "1"]
[TimeControl "5400+30"]

1. e4 e5 2. Nf3 Nc6 3. Bb5 a6 4. Ba4 Nf6 5. O-O Be7 6. Re1 b5 7. Bb3 O-O 8. h3 d6 9. c3 Nb8 10. d4 Nbd7 11. Nbd2 Bb7 12. d5 c6 13. Nf1 Nc5 14. dxc6 Bxc6 15. Bd5 Bxd5 16. exd5 e4 17. Nd4 Qd7 18. Ng3 Rfe8 19. Ndf5 g6 20. Nxe7+ Qxe7 21. Bg5 h6 22. Bxh6 Qe5 23. Qd4 Nd3 24. Re2 g5 25. Bxg5 Qxg5 26. Nxe4 Rxe4 27. Rxe4 Nxe4 28. Qxd3 Nc5 29. Qf3 Re8 30. Rd1 Ne4 31. Rd4 Nd2 32. Qd1 Re1+ 33. Qxe1 Nf3+ 34. Kf1 Nxe1 35. Rg4 Qxg4 36. hxg4 Nd3 37. b4 Nf4 38. Ke1 Nxd5 39. Kd2 Kg7 40. g3 Kf6 41. Kd3 Nb6 42. f4 Ke6 43. Kd4 f6 44. Ke4 d5+ 45. Kd4 Kd6 46. g5 fxg5 47. fxg5 Nd7 48. Ke3 Ne5 49. Kf4 Ke6 50. Ke3 Nc6 51. Kf4 d4 52. cxd4 Nxd4 53. g6 Kf6 54. Ke4 Nc2 55. a3 Nxa3 56. Kd4 Nc2+ 57. Kc3 Nxb4 58. Kxb4 Kxg6 0-1

[Event "Coimbra Queima Fitas Open 2024"]
[Site "Coimbra"]
[Date "2024.04.26"]
[Round "3.1"]
[White "Sousa, Andre Ventura"]
[Black "Maloberti, David"]
[Result "1-0"]
[ECO "C02"]
[WhiteElo "2426"]
[BlackElo "1975"]
[Annotator "TA"]
[PlyCount "47"]
[EventDate "2024.04.23"]
[EventType "swiss"]
[EventCountry "POR"]
[SourceTitle "playchess.com"]
[Source "ChessBase"]
[SourceQuality "1"]
[TimeControl "5400+30"]

1. e4 e6 2. d4 d5 3. e5 c5 4. c3 Nc6 5. Nf3 Qb6 6. Bd3 Bd7 7. dxc5 Bxc5 8. O-O a5 9. Nbd2 a4 {Inhibits Nb3.} (9... f6 $11) 10. b4 $14 axb3 11. Nxb3 Ba3 (11... Na5 $11 {remains equal.}) 12. Rb1 (12. Bxa3 $16 Rxa3 13. Qc1) 12... Bxc1 13. Qxc1 {aiming for Nbd4.} Qa7 ({Better is} 13... Nge7 $1 $14) 14. Qg5 $36 {[%mdl 2048] White is really pushing.} Kf8 15. c4 {[#] Threatens to win with cxd5. White has more active pieces. The black rooks are passive.} h6 16. Qd2 Nge7 17. Rfc1 Rd8 (17... Be8 $16 {keeps fighting.}) 18. cxd5 $18 Nxd5 {[#]} 19. Nc5 $1 Bc8 20. Ne4 Na5 $2 (20... Bd7 21. Nd6 b6) 21. Nd6 Bd7 22. Be4 {White is clearly winning.} Bc6 (22... b6 $142 23. Bxd5 exd5 24. Qxd5 Be6) 23. Bxd5 exd5 24. Qf4 {Weighted Error Value: White=0.09 (flawless) /Black=0.47.  Mistake:       	White=1     	Black=5      OK:         	White=5     	Black=4      Best:        	White=2     	Black=1      Strong:       	White=1     	---} 1-0

[Event "Coimbra Queima Fitas Open 2024"]
[Site "Coimbra"]
[Date "2024.04.26"]
[Round "3.2"]
[White "Gori, Andrea"]
[Black "Veiga, Jose Francisco R P N"]
[Result "0-1"]
[ECO "A48"]
[WhiteElo "1966"]
[BlackElo "2378"]
[Annotator "TA"]
[PlyCount "68"]
[EventDate "2024.04.23"]
[EventType "swiss"]
[EventCountry "POR"]
[SourceTitle "playchess.com"]
[Source "ChessBase"]
[SourceQuality "1"]
[TimeControl "5400+30"]

1. d4 Nf6 2. Nf3 g6 3. e3 Bg7 4. Bd3 O-O 5. O-O d6 6. e4 Nc6 7. c3 e5 8. d5 {[%emt 0:10:04] White has an edge.} Ne7 9. Ne1 (9. c4 $14) 9... Nd7 (9... c6 $15) 10. f3 f5 11. Be3 f4 12. Bf2 g5 13. Nd2 Nf6 14. b4 Rf7 15. c4 g4 16. Rc1 (16. fxg4 $1 $11 {keeps the balance.} Nxg4 17. c5) 16... h5 (16... g3 $1 $17 17. hxg3 fxg3 18. Bxg3 Ng6) 17. c5 $15 Bh6 18. Rc3 {[%emt 0:03:56] [#]} (18. Be2 $15) 18... Rg7 $1 $17 19. cxd6 cxd6 20. Bh4 Ng6 21. Bxf6 Qxf6 22. Bb5 (22. Qc2 $15 Qd8 23. a4) 22... g3 ({Black should try} 22... Qd8 {Strongly threatening ...Qb6+.} 23. Qc2 a6) 23. Qc2 Qd8 $36 {[%emt 0:06:57][%mdl 2048] Black is in control.} 24. Ba4 a6 {[%emt 0:08:59] White must now prevent ...b5.} 25. b5 $2 (25. Nc4 $1 $15 Ne7 (25... b5 26. Nxd6 Qb6+ 27. Kh1 $17) 26. b5) 25... axb5 26. Bxb5 {[%emt 0:00:26] [#]} Kh7 $2 (26... h4 $1 $19 {[%cal Rh4h3] Threatens to win with ...h3.} 27. h3 Qb6+ 28. Kh1 Bxh3 29. gxh3 Qxb5) 27. hxg3 $2 ({Only move:} 27. Nc4 $1 $15) 27... fxg3 $19 {[%emt 0:00:47][%cal Od8h4] ( -> ...Qh4!). Black is clearly winning.} 28. f4 Bxf4 29. a4 Bg4 {[%emt 0:01:17] aiming for ...Bxd2.} 30. Nc4 Qh4 31. Rff3 Qh2+ 32. Kf1 Nh4 33. Nxd6 Qh1+ 34. Ke2 Nxg2 {[%emt 0:00:13] Weighted Error Value: White=1.21/Black=0.31.  Loses game:     	White=2     	---        Missed win:     	---       	Black=1      Mistake:       	White=4     	Black=3      Inaccurate:     	White=1     	Black=3      OK:         	White=7     	Black=8      Best:        	White=2     	---        Strong:       	---       	Black=1} 0-1

[Event "Coimbra Queima Fitas Open 2024"]
[Site "Coimbra"]
[Date "2024.04.26"]
[Round "3.3"]
[White "Alegre, Fabio Da Conceicao B"]
[Black "Martins, Bruno Andre Leite"]
[Result "0-1"]
[ECO "A13"]
[WhiteElo "1942"]
[BlackElo "2360"]
[Annotator "RC"]
[PlyCount "98"]
[EventDate "2024.04.23"]
[EventType "swiss"]
[EventCountry "POR"]
[SourceTitle "playchess.com"]
[Source "ChessBase"]
[SourceQuality "1"]
[TimeControl "5400+30"]

1. c4 e6 2. g3 d5 3. Bg2 Nf6 4. Nf3 d4 5. O-O c5 6. d3 Nc6 7. e4 Bd6 8. b4 cxb4 9. e5 Nxe5 10. Nxe5 Bxe5 11. a3 b3 12. Nd2 O-O 13. Nxb3 Bc7 14. f4 Re8 15. Kh1 Rb8 16. g4 e5 17. f5 e4 18. dxe4 Nxe4 19. Bf4 b6 20. Qxd4 Qxd4 21. Nxd4 Bxf4 22. Rxf4 Bb7 23. Bxe4 Rxe4 24. Rxe4 Bxe4+ 25. Kg1 Rd8 26. Nb5 h5 27. h3 hxg4 28. hxg4 a6 29. Nc7 Rd4 30. Kf2 Rxc4 31. Nxa6 Bb7 32. Nb8 Rxg4 33. Rb1 Rf4+ 34. Kg3 Rxf5 35. Rxb6 Be4 36. Rb3 Ra5 37. Nd7 Bc6 38. Nb6 g6 39. Rc3 Be4 40. Kf4 Bf5 41. Nc4 Rc5 42. Ke3 Be6 43. Kd4 Rd5+ 44. Ke3 Rc5 45. Kd4 Rxc4+ 46. Rxc4 Bxc4 47. Kxc4 Kf8 48. Kd5 Ke7 49. Kc6 g5 0-1

[Event "Coimbra Queima Fitas Open 2024"]
[Site "Coimbra"]
[Date "2024.04.26"]
[Round "3.4"]
[White "Martin Duque, Jesus"]
[Black "Araujo, Ricardo Franca Paulo"]
[Result "1-0"]
[ECO "D34"]
[WhiteElo "2336"]
[BlackElo "1931"]
[Annotator "TA"]
[PlyCount "118"]
[EventDate "2024.04.23"]
[EventType "swiss"]
[EventCountry "POR"]
[SourceTitle "playchess.com"]
[Source "ChessBase"]
[SourceQuality "1"]
[TimeControl "5400+30"]

1. Nf3 d5 2. g3 Nf6 3. Bg2 c5 4. O-O Nc6 5. d4 e6 6. c4 Be7 7. cxd5 exd5 8. Nc3 O-O 9. dxc5 Bxc5 10. Bg5 d4 11. Ne4 Be7 12. Bxf6 Bxf6 13. Ne1 Bf5 14. Nd3 Bxe4 15. Bxe4 Re8 {[%emt 0:00:40] White is slightly better.} 16. Bxc6 bxc6 17. Rc1 Qb6 18. Rc2 Bg5 19. Re1 Rad8 20. b4 Rd5 21. Rc4 Rd6 22. Rc5 Be7 23. Qa4 (23. Re5 $16) 23... Re6 24. Ra5 Bf8 25. Ra6 (25. Rxa7 $16 Rxe2 26. Rxe2 Rxe2 27. Kg2) 25... Qb5 26. Nf4 Re4 27. Qxb5 cxb5 28. Rxa7 g5 (28... Bxb4 $11 {deserves consideration.} 29. Rb1 Bc5) 29. Nd5 (29. Nh5 $14 Bg7 30. Rd7) 29... Kg7 $1 $11 30. Rd1 $36 {[%emt 0:05:35][%mdl 2048] White is pushing.} Rd8 {[%emt 0:01:48] [#]} 31. Ne3 Bxb4 32. Rb7 Re5 (32... Be7 {simplifies} 33. Nf5+ Kf6 34. Rxb5 Rxe2 35. Rxd4 Rxd4 36. Nxd4 Rxa2 37. Rb6+ Ke5) 33. g4 Bc3 34. Nf5+ Kf6 35. Kf1 b4 {[%emt 0:01:25] White stays focused until the end.} (35... h5 $1 $11 {keeps the balance.}) 36. Rd3 $16 Ra5 37. Rh3 {[%emt 0:00:57] White is much more active.} Re8 $2 (37... Ke6 $16) 38. Rh6+ $18 Ke5 39. Nd6 (39. Rxf7 Re6 (39... Rxa2 $2 40. Ng7 $18) 40. Rhxh7 (40. Rfxh7 Rxa2 41. Rxe6+ Kxe6 $17) 40... Rxa2 $11) (39. Rxh7 Rf8 $16) 39... Rea8 40. Nc4+ $2 (40. Rxf7 {mates} Rf8 41. Rxf8 Kd5 42. Rf5+ Kc6 43. Nc4+ (43. Rxa5 d3 44. Nc4+ Kc7 45. Ra7+ Kc8 46. Rhxh7 dxe2+ 47. Kxe2 Be5 48. Ra8+ Bb8 49. Nd6+ Kd8 50. Rxb8#) 43... Kc7 44. Rxh7+ (44. Nxa5 Kd7 45. Nc6 d3 46. Rf7+ Ke8 47. Re7+ Kf8 48. Rd6 dxe2+ 49. Kxe2 Bh8 50. Rd8#) 44... Kc6 45. Rh6+ (45. Nxa5+ Kd6 46. Nc4+ Kc6 47. Rh6+ Kd7 48. Rf7+ Ke8 49. Nd6+ Kd8 50. Rh8#) 45... Kd7 46. Rf7+ (46. Nxa5 d3 47. exd3 b3 48. Nxb3 Ke8 49. Nc5 Kd8 50. Re6 Bh8 51. Rf7 Bf6 52. Rd7+ Kc8 53. Re8+ Bd8 54. Rexd8#) 46... Ke8 47. Nd6+ Kd8 48. Rh8#) 40... Kd5 41. Nb6+ Kc5 42. Rxf7 {[%emt 0:01:53][%cal Rf7f5] [#]} b3 43. axb3 Re8 $2 (43... R8a7 44. Rxa7 (44. Rfxh7 Rxh7 45. Rxh7 Kxb6 $17) 44... Rxa7 45. Na4+ Kb4 46. Rb6+ Ka3) 44. Rf5+ $2 (44. Rfxh7 Kb4 45. Rg6 Kxb3 $16) (44. Nc4 {Intending Rf5+ and mate.} Rd8 45. Rf5+ Rd5 46. Nxa5 Bxa5 47. Rxd5+ (47. Rxh7 d3 $18) 47... Kxd5 48. h4 (48. Rxh7 Bd2 $18)) 44... Kb4 45. Rxa5 ({Much less strong is} 45. Rxh7 Ra1+ 46. Kg2 Rxe2 47. Rxg5 (47. Nd5+ Kxb3 48. Rxg5 Ree1 $18) 47... Be1 48. Nd5+ Kxb3 $18) 45... Kxa5 {[%emt 0:00:05][%mdl 4096] Endgame. KRB-KRN} 46. Nc4+ Kb4 47. Rxh7 (47. Rb6+ Kc5 48. Rh6 Re7 $18) 47... Kxb3 48. Nd6 Re6 49. Nf5 Kc2 (49... Ra6 {was necessary.} 50. Rd7 Ra4) 50. Rd7 Re4 51. f3 Rf4 52. Kg2 Kd2 53. Kf1 (53. e3 $142 Rxf5 54. gxf5) 53... Kc2 54. Kf2 {[%emt 0:00:18] White is clearly winning.} Kb3 55. h3 Kc4 56. Kg2 Kc5 57. Rd8 {[%emt 0:00:27] Hoping for e3.} Kc6 (57... Kb6 $142 58. Rd6+ Kb7) 58. Rg8 {[%emt 0:00:08][%cal Oe2e3] e3! would now be deadly.} Bd2 59. Rxg5 Kd5 {Weighted Error Value: White=0.39/Black=0.36.  Loses game:     	---       	Black=1      Mistake:       	White=5     	Black=5      Inaccurate:     	White=4     	Black=7      OK:         	White=17    	Black=5      Best:        	White=2     	Black=5      Strong:       	---       	Black=1} 1-0

[Event "Coimbra Queima Fitas Open 2024"]
[Site "Coimbra"]
[Date "2024.04.26"]
[Round "3.5"]
[White "Ribeiro, Rafael Alves Figueir"]
[Black "Grimm, Daniel"]
[Result "1/2-1/2"]
[ECO "B01"]
[WhiteElo "1927"]
[BlackElo "2296"]
[Annotator "TA"]
[PlyCount "63"]
[EventDate "2024.04.23"]
[EventType "swiss"]
[EventCountry "POR"]
[SourceTitle "playchess.com"]
[Source "ChessBase"]
[SourceQuality "1"]
[TimeControl "5400+30"]

1. e4 d5 2. exd5 Qxd5 3. Nc3 Qa5 4. d4 Nf6 5. Nf3 Bf5 6. Ne5 c6 7. Bc4 e6 8. g4 Bg6 9. h4 Nbd7 10. Nxd7 Nxd7 11. h5 Be4 12. O-O Bd5 13. Nxd5 {[%emt 0:00:09] White is slightly better.} cxd5 14. Bd3 Bd6 15. Qf3 Qd8 16. Kg2 Qf6 17. Qxf6 Nxf6 18. f3 a6 19. a4 Rc8 20. Bd2 Nd7 21. a5 Nb8 22. c3 Nc6 23. f4 O-O 24. Rfe1 Rce8 25. Bc2 Re7 26. b4 Na7 27. Bd3 Nc8 28. Re2 {[%emt 0:00:26] White is more active.} Bc7 29. Rae1 Rfe8 30. Kf3 f6 (30... Na7 $16) 31. c4 $18 Bd8 32. b5 {[%emt 0:01:42] Weighted Error Value: White=0.04 (flawless) /Black=0.16 (very precise) .  Mistake:       	---       	Black=1      Inaccurate:     	---       	Black=3      OK:         	White=12    	Black=7      Best:        	White=1     	---} 1/2-1/2

[Event "Coimbra Queima Fitas Open 2024"]
[Site "Coimbra"]
[Date "2024.04.26"]
[Round "3.6"]
[White "Kofalvi, Attila"]
[Black "Povshednyi, Ivan"]
[Result "0-1"]
[ECO "B10"]
[WhiteElo "1907"]
[BlackElo "2249"]
[Annotator "TA"]
[PlyCount "92"]
[EventDate "2024.04.23"]
[EventType "swiss"]
[EventCountry "POR"]
[SourceTitle "playchess.com"]
[Source "ChessBase"]
[SourceQuality "1"]
[TimeControl "5400+30"]

1. e4 c6 2. Nf3 d5 3. d3 g6 4. e5 c5 5. d4 cxd4 6. h4 (6. Nxd4 $11 Bg7 7. Bf4) 6... Bg7 (6... Nc6 $17) 7. Qxd4 $11 Nc6 8. Bb5 {[%emt 0:00:11] The position is equal.} Qa5+ 9. Nc3 Qxb5 10. Nxb5 Nxd4 11. Nbxd4 Bg4 12. Bf4 Bxf3 13. Nxf3 h6 {[%emt 0:02:14] Black is weak on the dark squares} 14. O-O-O e6 15. Nd4 a6 {[%emt 0:03:14] Wards off Nb5} 16. Rhe1 Ne7 17. Bd2 Nf5 18. Nxf5 gxf5 19. Bb4 Rc8 20. Rd4 Rg8 21. g4 fxg4 22. Rxg4 h5 $1 23. Rg3 {[%emt 0:06:58] [#] Strongly threatening Bd2.} Bh6+ 24. Bd2 $1 Rxg3 25. fxg3 $15 {[%emt 0:00:31][%mdl 4096] Endgame. KRB-KRB} Bg7 26. b3 Bf8 27. g4 hxg4 28. Rg1 $1 Bg7 ({Of course not} 28... Ba3+ 29. Kb1 $14) 29. Bf4 f5 {[%emt 0:00:27] [#] White must now prevent ...Rc3.} 30. exf6 Bxf6 31. Rxg4 Kf7 32. Kd2 Rh8 33. Bg3 e5 {[%emt 0:01:09] Threatening ...Ke6.} 34. Rb4 $2 {[%emt 0:00:51] Loses the game.} (34. c4 $11) 34... b5 $19 {[%emt 0:00:46] aiming for ...Rg8.} 35. a4 Rg8 36. Bxe5 Bxe5 37. axb5 {[%emt 0:00:09] KRB-KR} Rg2+ 38. Ke3 $2 (38. Kd3 Rg3+ 39. Ke2) 38... Bd6 39. Ra4 axb5 (39... Rxc2 40. bxa6 Rc7 41. b4 $11) 40. Ra5 Rxc2 41. Rxb5 Ke6 {[%emt 0:00:02] And now ...Rh2 would win.} 42. Kf3 Rh2 43. Kg4 d4 {[%emt 0:00:08] Black mates.} 44. Ra5 d3 45. Ra1 d2 46. Rd1 Bb4 {[%emt 0:00:07] Weighted Error Value: White=0.79/Black=0.05 (flawless) .  Loses game:     	White=1     	---        Mistake:       	White=1     	Black=1      Inaccurate:     	White=4     	---        OK:         	White=13    	Black=12     Best:        	White=3     	Black=7      Strong:       	White=2     	Black=1} 0-1

[Event "Coimbra Queima Fitas Open 2024"]
[Site "Coimbra"]
[Date "2024.04.26"]
[Round "3.7"]
[White "Ribeiro, Gustavo Martins Sant"]
[Black "Santos, Tomas Afonso Pires D"]
[Result "1-0"]
[ECO "A10"]
[WhiteElo "2226"]
[BlackElo "1904"]
[Annotator "TA"]
[PlyCount "58"]
[EventDate "2024.04.23"]
[EventType "swiss"]
[EventCountry "POR"]
[SourceTitle "playchess.com"]
[Source "ChessBase"]
[SourceQuality "1"]
[TimeControl "5400+30"]

1. c4 g6 2. Nc3 c5 3. g3 Bg7 4. Bg2 Nf6 5. e4 Nc6 6. Nge2 O-O 7. O-O a6 8. d3 d6 9. h3 Rb8 10. a4 Ne8 11. Be3 Nc7 12. d4 cxd4 13. Nxd4 Nxd4 14. Bxd4 Bxd4 15. Qxd4 b5 {[%emt 0:00:19] White is slightly better.} 16. axb5 {[%emt 0:00:55] White is more active.} (16. cxb5 $14 axb5 17. a5) 16... axb5 $11 17. cxb5 Nxb5 18. Nxb5 Rxb5 19. Ra7 (19. b4 $11) 19... e5 $1 $15 20. Qc3 Qb6 {[%emt 0:02:03] Dodges b4} 21. Rc7 Be6 22. Rc6 $36 {[%emt 0:03:10][%mdl 2048] White is pushing.} Qb8 23. Rd1 Rd8 24. Rd2 Kg7 25. Bf1 Rb4 {[%emt 0:02:41] [#]} 26. Rcxd6 $1 Rxd6 27. Qxe5+ Kg8 28. Rxd6 Rxb2 $2 (28... Rb6 $11 29. Rxe6 fxe6) 29. Qd4 $18 {[%emt 0:00:03] Intending Rd8+ and mate.} Rb6 {Weighted Error Value: White=0.17 (very precise) /Black=0.17 (very precise) .  Loses game:     	---       	Black=1      Mistake:       	White=2     	---        Inaccurate:     	White=1     	Black=3      OK:         	White=3     	Black=3      Best:        	White=3     	---        Strong:       	---       	Black=1} 1-0

[Event "Coimbra Queima Fitas Open 2024"]
[Site "Coimbra"]
[Date "2024.04.26"]
[Round "3.8"]
[White "Silva, Lourenco Santa Clara"]
[Black "Dias, Ivo Rodrigues"]
[Result "1/2-1/2"]
[ECO "B47"]
[WhiteElo "1893"]
[BlackElo "2145"]
[Annotator "TA"]
[PlyCount "45"]
[EventDate "2024.04.23"]
[EventType "swiss"]
[EventCountry "POR"]
[SourceTitle "playchess.com"]
[Source "ChessBase"]
[SourceQuality "1"]
[TimeControl "5400+30"]

1. e4 c5 2. Nf3 e6 3. d4 cxd4 4. Nxd4 Nc6 5. Nc3 Qc7 6. f4 a6 7. Nxc6 bxc6 8. Bd3 d5 9. O-O Nf6 10. Qe2 Be7 11. Kh1 O-O 12. e5 Nd7 13. Bxh7+ $2 Kxh7 $19 14. Qh5+ Kg8 {[%emt 0:00:07] Threatens to win with ...f6.} 15. Rf3 {[%emt 0:00:05] [#]} f5 $2 (15... f6 $1 $19 16. Rg3 fxe5 17. Rxg7+ Kxg7 18. Qg4+ Bg5 19. Qxg5+ Kf7) 16. Rh3 $11 Nf6 17. exf6 Bxf6 18. Bd2 (18. Ne2 $16) 18... Bd7 19. Re1 d4 ({Better is} 19... c5 $14) 20. Qh7+ Kf7 {[%emt 0:00:09] [#] Hoping for ...Rh8.} 21. Qh5+ Kg8 $1 22. Qh7+ (22. Nb1 $16) 22... Kf7 {[%emt 0:00:03] ...Rh8 is the strong threat.} 23. Qh5+ {[%emt 0:05:16] Weighted Error Value: White=0.63/Black=0.49.  Loses game:     	White=1     	---        Missed win:     	---       	Black=1      Mistake:       	White=2     	Black=1      Inaccurate:     	---       	Black=3      OK:         	White=6     	Black=1      Strong:       	---       	Black=1} 1/2-1/2

[Event "Coimbra Queima Fitas Open 2024"]
[Site "Coimbra"]
[Date "2024.04.26"]
[Round "3.9"]
[White "Moldovan, Lucas Gabriel"]
[Black "Gama, Edivaldo Pereira Da"]
[Result "0-1"]
[ECO "B07"]
[WhiteElo "1884"]
[BlackElo "2109"]
[Annotator "RC"]
[PlyCount "60"]
[EventDate "2024.04.23"]
[EventType "swiss"]
[EventCountry "POR"]
[SourceTitle "playchess.com"]
[Source "ChessBase"]
[SourceQuality "1"]
[TimeControl "5400+30"]

1. e4 d6 2. d4 Nf6 3. Nc3 c6 4. f3 Qc7 5. Be3 a5 6. d5 a4 7. a3 g6 8. Qd2 Bg7 9. O-O-O h5 10. h4 Nbd7 11. Be2 Ne5 12. Nh3 Bd7 13. Nf2 cxd5 14. Nxd5 Nxd5 15. exd5 Nc4 16. Bxc4 Qxc4 17. Kb1 Bf5 18. Bd4 Bxd4 19. Qxd4 Bxc2+ 20. Ka1 Qxd4 21. Rxd4 Rc8 22. Re1 Bb3 23. Ne4 Rc2 24. Nxd6+ Kd7 25. Nxf7 Rhc8 26. Kb1 Rxg2 27. d6 exd6 28. Nxd6 Rcc2 29. Nf7+ Kc7 30. Re7+ Kb8 0-1

[Event "Coimbra Queima Fitas Open 2024"]
[Site "Coimbra"]
[Date "2024.04.26"]
[Round "3.10"]
[White "Novais, Carlos Joao Fernande"]
[Black "Bastiao, Tomas De Oliveira"]
[Result "1-0"]
[ECO "B38"]
[WhiteElo "2101"]
[BlackElo "1875"]
[Annotator "TA"]
[PlyCount "93"]
[EventDate "2024.04.23"]
[EventType "swiss"]
[EventCountry "POR"]
[SourceTitle "playchess.com"]
[Source "ChessBase"]
[SourceQuality "1"]
[TimeControl "5400+30"]

1. e4 c5 2. Nf3 Nc6 3. d4 cxd4 4. Nxd4 g6 5. c4 Bg7 6. Be3 Qb6 7. Nb3 Qd8 8. Qd2 Nf6 9. f3 {[%emt 0:00:35] White is slightly better.} d6 10. Nc3 O-O 11. Rc1 b6 12. Be2 Ba6 13. O-O Rc8 14. Na1 h5 15. Nc2 Ne5 16. b3 Qd7 17. Nb4 Bb7 18. a4 a5 (18... Nc6 $142) 19. Nbd5 $16 Bxd5 20. cxd5 Qb7 21. Nb5 Ned7 22. Nd4 {[%emt 0:00:58] White has more active pieces.} Nc5 23. Bb5 e5 (23... Ne8 $16) 24. dxe6 $18 fxe6 {[%emt 0:03:55] [#]} 25. b4 (25. Rxc5 $1 $18 {is the precise move to win.} dxc5 26. Nxe6) 25... axb4 $16 26. Qxb4 d5 (26... Qf7 $16 27. Qa3 Nfd7) 27. e5 $18 Nfd7 28. Bxd7 (28. f4 Bh6 $18) 28... Qxd7 29. Qxb6 Nd3 30. Rcd1 (30. Qxe6+ Qxe6 31. Nxe6 Nxc1 32. Nxf8 (32. Bxc1 $2 Rf5 $19) 32... Ne2+ 33. Kf2 Rc2 $11) (30. Rxc8 $18 {has better winning chances.} Rxc8 31. f4 (31. Nxe6 Bxe5 32. f4 Bd6 $16) (31. Qxe6+ Qxe6 32. Nxe6 Bxe5 $14)) 30... Nxe5 $16 31. Qxe6+ (31. Nxe6 Rf6 32. Nc5 Rxb6 $17) 31... Qf7 32. Qxf7+ Rxf7 33. Nb5 (33. Ne6 $16) 33... Nc4 $14 34. Bd4 Ra8 35. Bxg7 Kxg7 36. Ra1 (36. Rxd5 Ne3 (36... Rxa4 37. Re1 $14) 37. Rd4 Nxf1 38. Kxf1 Rc8 $11) 36... Ne3 37. Rfb1 Rf4 $2 {[%emt 0:00:43][%mdl 8192] [#]} (37... Rb7 $16 {was worth a try.}) 38. a5 (38. Nc7 $142 Raxa4 39. Ne6+ Kh6 40. Nxf4 Rxf4 41. Rb6) 38... d4 $2 (38... Rc4 39. a6 d4) 39. Ra4 $2 (39. Nc7 Rxa5 40. Rxa5) 39... Nc2 $2 (39... Ra6 40. Nxd4 (40. Rxd4 Rxd4 41. Nxd4 Rxa5 $14) 40... Nd5) 40. a6 (40. Nc7 $142) 40... Rf7 $18 41. Nd6 ({Not} 41. Nxd4 Nxd4 42. Rxd4 Rxa6 $14) 41... Rd7 (41... Rfa7 42. Rb7+ Kh6 43. Rxa7 Rxa7) 42. Rb7 Rxb7 43. axb7 ({Less strong is} 43. Nxb7 d3 44. Kf2 Re8 $16) 43... Rxa4 44. b8=Q {[%emt 0:00:09] White mates.} (44. b8=B $2 {is the wrong capture.} Ne3 45. Kf2 Ra2+ 46. Kg3 d3 $19 (46... Rxg2+ $2 47. Kf4 $19) (46... Nxg2 $2 47. Ne4 $19)) 44... Ra1+ 45. Kf2 d3 46. Qc7+ Kf6 47. Ne4+ {[%emt 0:00:12] Weighted Error Value: White=0.45/Black=0.47.  Loses game:     	---       	Black=1      Mistake:       	White=5     	Black=6      Inaccurate:     	---       	Black=4      OK:         	White=16    	Black=10     Best:        	White=5     	Black=2} 1-0

[Event "Coimbra Queima Fitas Open 2024"]
[Site "Coimbra"]
[Date "2024.04.26"]
[Round "3.11"]
[White "Figueiredo, Mario Jose Da Rocha"]
[Black "Vasconcelos, Paulo Jorge Lopes De"]
[Result "1/2-1/2"]
[ECO "E92"]
[WhiteElo "1874"]
[BlackElo "2093"]
[Annotator "TA"]
[PlyCount "47"]
[EventDate "2024.04.23"]
[EventType "swiss"]
[EventCountry "POR"]
[SourceTitle "playchess.com"]
[Source "ChessBase"]
[SourceQuality "1"]
[TimeControl "5400+30"]

1. d4 Nf6 2. Nf3 g6 3. c4 Bg7 4. Nc3 d6 5. e4 O-O 6. Be2 e5 7. dxe5 dxe5 8. Qxd8 Rxd8 9. Bg5 Re8 10. O-O-O c6 11. Nxe5 Nxe4 12. Nxe4 Bxe5 {[%emt 0:00:41] [#]} 13. f4 $1 {[%emt 0:02:20] White is more active.} f6 14. Nxf6+ $2 ({White must play} 14. fxe5 $18 fxg5 15. Nf6+ (15. Nxg5 Nd7 $16) 15... Kf7 16. Nxe8 (16. Nxh7 Kg7 $14) 16... Kxe8 17. e6) 14... Bxf6 $17 15. Bxf6 {[%emt 0:00:08] And now Bf3 would win.} Nd7 {[%emt 0:00:54] [#]} ({Black should play} 15... Rxe2 $17 16. Rd8+ Kf7 17. Rxc8 Kxf6) 16. Be5 $1 $14 Nxe5 17. fxe5 Bf5 18. g4 $1 Be4 19. Rhe1 Rxe5 {[%emt 0:03:07] The position is equal.} 20. b3 Rae8 {[%emt 0:00:43][%cal Oe4f3] ...Bf3! is the strong threat.} 21. Bd3 Bf3 22. Rxe5 Rxe5 23. Rg1 c5 24. g5 {[%emt 0:03:13] Weighted Error Value: White=0.64/Black=0.56.  Missed win:     	White=1     	---        Mistake:       	---       	Black=1      Inaccurate:     	White=1     	---        OK:         	White=3     	Black=6      Strong:       	White=1     	---        Brilliant:      	White=1     	---} 1/2-1/2